 Dungeon Crawl Stone Soup version 0.28-a0-1087-gf3fc490d9d (webtiles) character file.

Game seed: 3633297210949799286

1623 spiderkeys the Jinx (level 8, 0/36 HPs)
             Began as a Felid Abyssal Knight on Dec 10, 2021.
             Was an Elder of Lugonu.
             Slain by an orc wizard (3 damage)
             ... on level 7 of the Dungeon.
             The game lasted 00:24:43 (12311 turns).

spiderkeys the Jinx (Felid Abyssal Knight)         Turns: 12311, Time: 00:24:43

Health: 0/36       AC:  2    Str:  9    XL:     8   Next: 65%
Magic:  5/15       EV: 20    Int: 14    God:    Lugonu [****..]
Gold:   1468       SH:  0    Dex: 18    Spells: 0/12 levels left
                                        Lives:  0   Deaths: 2

rFire   + . .      SeeInvis +     - Unarmed
rCold   . . .      Faith    +   (shield unavailable)
rNeg    . . .      Spirit   .   (armour unavailable)
rPois   +          Reflect  .   (helmet unavailable)
rElec   .          Harm     .   (cloak unavailable)
rCorr   .          Rampage  .   (gloves unavailable)
Will    +....      Clarity  +   (boots unavailable)
Stlth   +++.......              T - amulet of faith {!P}
HPRegen 0.12/turn               P - ring of poison resistance
MPRegen 0.14/turn               (no ring)

@: unable to read, quick
A: very small, claws 1, fangs 3, see invisible, speed 1, shaggy fur 2, stealthy
paws, no weapons or thrown items, no armour, multi-lived, clarity, fire
resistance 1, inability to read while threatened
a: Renounce Religion, Depart the Abyss, Bend Space, Banish, Corrupt


You were on level 7 of the Dungeon.
You worshipped Lugonu.
Lugonu was greatly pleased with you.
You visited 1 branch of the dungeon, and saw 7 of its levels.
You visited the Abyss 1 time.

You collected 1468 gold pieces.


Innate Abilities, Weirdness & Mutations

You have sharp claws.
You have razor-sharp teeth.
You have supernaturally acute eyesight. (SInv)
You cover ground quickly. (Speed+)
You are covered in thick fur. (AC +2)
Your paws help you pounce on unaware monsters.
You are incapable of wielding weapons or throwing items.
You cannot wear armour.
You gain extra lives every three experience levels.
You possess an exceptional clarity of mind.
Your flesh is heat resistant. (rF+)
You sometimes lose the ability to read scrolls when taking damage.


   Skills:
 - Level 4.0 Fighting
 - Level 6.0 Dodging
 - Level 5.0 Stealth
 * Level 7.8 Unarmed Combat
 + Level 2.9 Spellcasting
 - Level 8.0 Hexes
 - Level 8.0 Invocations


You couldn't memorise any spells.
You knew the following spells:

 Your Spells              Type           Power      Damage    Failure   Level
c - Cause Fear            Hex            12%        N/A       9%          4
d - Tukima's Dance        Hex            24%        N/A       2%          3
X - Yara's Violent Unrav  Hex/Tmut       6%         3d5       75%         5

Your spell library contained the following spells:

 Spells                   Type           Power      Damage    Failure   Level
 Dazzling Flash           Conj/Hex       26%        N/A       13%         3
 Gell's Gravitas          Tloc           2%         N/A       54%         3
 Lesser Beckoning         Tloc           2%         N/A       54%         3
 Teleport Other           Tloc           2%         N/A       54%         3
 Iskenderun's Mystic Bla  Conj/Tloc      2%         2d3       91%         4
 Passage of Golubria      Tloc           2%         N/A       91%         4
 Starburst                Conj/Fire      1%         6d3       100%        6
 Dragon Form              Tmut           1%         N/A       100%        7
 Borgnjor's Revivificati  Necr           1%         N/A       100%        8
 Necromutation            Tmut/Necr      1%         N/A       100%        8
 Death's Door             Necr           1%         N/A       100%        9
 Dragon's Call            Summ           1%         N/A       100%        9

Inventory:

Jewellery
 g - an amulet of regeneration
   (You took it off a kobold brigand on level 5 of the Dungeon)
 G - an amulet of guardian spirit
   (You found it on level 2 of the Dungeon)
 P - a ring of poison resistance (left paw)
   (You found it on level 5 of the Dungeon)
 T - an amulet of faith (around neck) {!P}
   (You found it on level 2 of the Dungeon)
Wands
 p - a wand of acid (5)
   (You took it off Pikel on level 5 of the Dungeon)
 q - a wand of iceblast (6)
   (You found it on level 5 of the Dungeon)
 s - a wand of flame (22)
   (You found it on level 7 of the Dungeon)
Scrolls
 a - a scroll of silence {!r}
 b - 2 scrolls of teleportation {@r4}
 c - 2 scrolls of fear
 d - a scroll of enchant armour
 e - 3 scrolls of blinking {!r}
 f - 4 scrolls of enchant weapon
 i - a scroll of amnesia
 n - a scroll of vulnerability {!r!r}
 o - 3 scrolls of immolation {!r!r}
Potions
 h - a potion of haste {@q3}
 j - 4 potions of brilliance
 k - 2 potions of magic
 l - a potion of lignification {!q}
 m - 2 potions of curing {@q1}
 r - 3 potions of mutation {!q}
 t - a potion of attraction {unknown}

Dungeon Overview and Level Annotations

Branches:
Dungeon (7/15)
 Temple: D:4-7

Altars:
Dithmenos
Kikubaaqudgha
Vehumet
The Shining One

Shops:
D:5 ?

Annotations:
Abyss:1 Sigmund

#.# #.#.# #.##.# #.#
#.#.# #.##.# #.# #.#.#
#.##.### #.# #.#.###
#......# #.###.....#
##..###.#
#####.##......# #...#
#.# #.............#
#...###.#
#..#####......#
#.......# #..#
##...)@## #..##.###
#..#
#.#..ยงo#####..##......
#..#
#.#...........######..
#..# #.#.....#####.#
#...
#...###.......####...
#.##
#.###.###.#####<.......
#.
#...............####...
######.#.########
#########.##


You could see an orc wizard (invisible).


Message History

Okay, then.
The orc priest shouts!
An orc warrior comes into view.
It is wielding a +0 scimitar and quivering silver boomerangs.
The orc warrior shouts!
You hear a shout!
The orc priest hits you with a +0 hand axe! ๐Ÿ˜• HP[-7]
You take 7 damage, and now have 32/39 hp.
You scratch the orc priest but do no damage.
An orc priest comes into view. It is wielding a +0 short sword.
The orc priest looks satisfied for a moment.
The orc priest shouts!
You scratch the orc priest but do no damage.
You bite the orc priest.
You scratch the orc priest but do no damage.
The orc priest barely misses you.
You closely miss the orc priest.
The orc priest barely misses you. ๐Ÿ˜• HP[+1]
You scratch the orc priest.
You scratch the orc priest but do no damage.
The orc priest closely misses you.
The orc warrior hits you with a +0 scimitar!
You feel threatened and lose the ability to read scrolls!
* * * LOW HITPOINT WARNING * * *
๐Ÿ˜จ HP[-17]
You take 17 damage, and now have 16/39 hp.
MASSIVE DAMAGE!! (PAUSE)
The orc priest hits you with a +0 hand axe!
* * * LOW HITPOINT WARNING * * *
๐Ÿ˜ฑ HP[-7]
You take 7 damage, and now have 9/39 hp.
Okay, then.
The orc warrior throws a silver boomerang.
The silver boomerang closely misses you.
The orc priest calls down the wrath of Beogh upon you.
You resist with some effort.
The orc priest mumbles some strange prayers to Beogh against you.
Beogh smites you!
You die...
You are now level 8!
You rejoin the land of the living... ๐Ÿ˜Ž HP[+27] MP[-1]
You now have 36 max hp (-3).
Your hp is fully restored (36).
u - a scroll labelled SEDWIDD TEDWO
As you read the scroll of identify {@r1}, it crumbles to dust.
n - a scroll of vulnerability
As you read the scroll of identify {@r1}, it crumbles to dust.
u - a scroll of acquirement Something appears before you!
You now have 1455 gold pieces (gained 1047).
s - a wand of flame (22)
You now have 1468 gold pieces (gained 13).
r - 3 potions of mutation {!q} (gained 1)
An orc warrior is nearby!
The orc warrior throws a silver boomerang.
The silver boomerang hits you! The silver sears you!
* * * LOW HITPOINT WARNING * * *
๐Ÿ˜จ HP[-20]
You take 20 damage, and now have 16/36 hp.
MASSIVE DAMAGE!! (PAUSE)
Casting: Tukima's Dance (dangerous; 2% risk of failure)
Confirm with . or Enter, or press ? or * to list all spells.
Aiming: Tukima's Dance (dangerous; 2% risk of failure)
Press: ? - help, Shift-Dir - straight line, f - orc warrior
Aim: an orc warrior, wielding a +0 scimitar, wearing a +0 plate armour and quivering silver boomerangs (chance to affect: 53%)
The +0 scimitar dances into the air! ๐Ÿ˜จ MP[-3]
You lost 3 mp, and now have 12/15 mp.
You completely miss the orc warrior. Your claw misses the orc warrior.
The orc warrior hits you!
You feel threatened and lose the ability to read scrolls!
* * * LOW HITPOINT WARNING * * *
๐Ÿ˜ฑ HP[-14]
You take 14 damage, and now have 2/36 hp.
MASSIVE DAMAGE!! (PAUSE)
Press: ? - help, Shift-Dir - straight line, f/p - orc warrior
Aim: an orc warrior, wearing a +0 plate armour and quivering silver boomerangs (ally target, chance to affect: 85%)
The orc warrior barely resists.
Your +0 scimitar hits the orc warrior.
The orc warrior hits your +0 scimitar!
The orc warrior shouts! ๐Ÿ˜ฑ MP[-4]
You lost 4 mp, and now have 8/15 mp.
Press: ? - help, Shift-Dir - straight line, f/p - orc warrior
Aim: an orc warrior, wearing a +0 plate armour and quivering silver boomerangs (lightly wounded, chance to affect: 85%)
The orc warrior is devoured by a tear in reality.
Lugonu claims a new guest.
You can read scrolls again.
You hear a shout! x3 ๐Ÿ˜ฑ MP[-4]
You lost 4 mp, and now have 4/15 mp.
You start resting.
An orc wizard comes into view. It is wielding a +0 dagger. ๐Ÿ˜ฑ HP[+1]
The orc wizard mumbles some strange words.
The orc wizard flickers and vanishes for a moment. ๐Ÿ˜ฑ MP[+1]
You scratch the orc wizard.
The orc wizard hits you with a +0 dagger.
You feel threatened and lose the ability to read scrolls!
You die...

Skill      XL: |  1  2  3  4  5  6  7  8  9 |
---------------+----------------------------+-----
Dodging        | 5 6 |  6.0
Unarmed Combat | 4 5 6 7 |  7.8
Hexes          | 5 6 7 8 |  8.0
Fighting       | 4 |  4.0
Invocations    | 2 5 7 8 |  8.0
Stealth        | 1 4 5 |  5.0
Spellcasting   | 2 |  2.9

Action                   |  1- 3 |  4- 6 |  7- 9 || total
-------------------------+-------+-------+-------++-------
Melee: Unarmed           |     1 |   300 |   389 ||   690
       Bite              |     1 |    32 |    42 ||    75
       Punch             |       |     5 |     7 ||    12
 Cast: Tukima's Dance    |       |     1 |    41 ||    42
Invok: Banish            |       |       |     4 ||     4
       Bend Space        |       |       |     2 ||     2
Evoke: Wand              |     5 |       |     5 ||    10
  Use: Scroll            |       |     6 |     8 ||    14
       Potion            |       |     2 |     6 ||     8
 Stab: Sleeping          |       |     9 |     4 ||    13
Armor: Skin              |     1 |    15 |    28 ||    44
Dodge: Dodged            |     6 |   225 |   362 ||   593

Levels and vault maps discovered:
D:1:      wander_arrival_abandoned_jail, layout_basic,
          hellmonk_ecumenical_altar_lost_god, hangedman_decor_clover_reticule
D:2:      layout_basic, nicolae_wormholes
D:3:      layout_loops_corners, nicolae_overflow_ecumenical_swirl,
          kennysheep_jessica_study
D:4:      layout_loops_ring, nicolae_dithmenos_shadow_blocks,
          mainiacjoe_overflow_alcove_1, uniq_duvessa, uniq_blork_the_orc,
          uniq_crazy_yiuf_cottage
D:5:      layout_basic, serial_shops, nicolae_take_the_stairs
D:6:      layout_cave_pools, marbit_many_paths, serial_column_ruins,
          column_ruins_hut, column_ruins_hut_ruined, column_ruins_open_medium,
          column_ruins_columns_corner, column_ruins_open_tiny,
          column_ruins_open_tiny, uniq_grinder, uniq_pikel, uniq_sigmund,
          uniq_edmund
D:7:      layout_loops_ring, minmay_temple_entry_ruins, serial_rivers,
          chequers_serial_rivers_micro_e, chequers_serial_rivers_micro_e,
          chequers_serial_rivers_micro_e, chequers_serial_rivers_micro_a,
          chequers_serial_rivers_micro_d, kennysheep_generic_room_13

Notes
Turn   | Place    | Note
-------+----------+-------------------------------------------
     0 | Abyss:1  | spiderkeys the Felid Abyssal Knight began the quest for the
                  | Orb.
     0 | Abyss:1  | Reached XP level 1. HP: 10/10 MP: 3/3
     0 | Abyss:1  | magus.rc [v1.9.10]
    66 | Abyss:2  | Identified the +3 morningstar of Loink {pain, rElec rPois
                  | Will- Dex+4}
    71 | Abyss:2  | Noticed a tentacled starspawn
    75 | Abyss:2  | Noticed a ynoxinul
    82 | Abyss:2  | Noticed a raiju
    86 | Abyss:2  | HP: 2/10 [ufetubus[a ynoxinul] (2)]
    88 | Abyss:2  | Killed a ynoxinul
    88 | Abyss:2  | Noticed a vampire mage
    89 | Abyss:2  | Reached skill level 5 in Dodging
    89 | Abyss:2  | Reached skill level 4 in Unarmed Combat
    89 | Abyss:2  | Reached XP level 2. HP: 3/14 MP: 4/4
    89 | Abyss:2  | Reached XP level 3. HP: 3/17 MP: 5/5
    89 | Abyss:2  | Reached XP level 4. HP: 4/21 MP: 6/6
    89 | Abyss:2  | Reached XP level 5. HP: 5/24 MP: 7/7
    91 | Abyss:2  | Noticed a hell hound
    91 | D:1      | You pass through the gate.
    91 | D:1      | Escaped the Abyss
   484 | D:1      | Found a faded altar of an unknown god.
   892 | D:1      | You add the spells Tukima's Dance, Passage of Golubria and
                  | Yara's Violent Unravelling to your library.
  1385 | D:1      | Learned a level 3 spell: Tukima's Dance
  1496 | D:2      | HP: 5/24 [adder (4)]
  1766 | D:2      | Reached ** piety under Lugonu
  2196 | D:2      | Noticed a necrophage
  2210 | D:2      | Killed a necrophage
  2211 | D:2      | Reached skill level 6 in Dodging
  2211 | D:2      | Gained mutation: You are covered in thick fur. (AC +2)
                  | [Felid growth]
  2211 | D:2      | Reached XP level 6. HP: 21/28 MP: 8/8
  3007 | D:3      | Noticed Jessica
  3020 | D:3      | Killed Jessica
  3021 | D:3      | Reached skill level 5 in Unarmed Combat
  3021 | D:3      | Reached skill level 1 in Hexes
  3608 | D:3      | Found a faded altar of an unknown god.
  3925 | D:3      | Found a radiant altar of Vehumet.
  4512 | D:4      | Reached skill level 4 in Fighting
  4512 | D:4      | Reached skill level 2 in Hexes
  4684 | D:4      | Noticed Blork the orc
  4687 | D:4      | Found a shadowy altar of Dithmenos.
  4691 | D:4      | Killed Blork the orc
  4691 | D:4      | Reached *** piety under Lugonu
  4692 | D:4      | Reached skill level 2 in Invocations
  4692 | D:4      | Reached XP level 7. HP: 29/32 MP: 5/9
  4725 | D:4      | Reached skill level 6 in Unarmed Combat
  4725 | D:4      | Reached skill level 3 in Hexes
  5039 | D:4      | Noticed Dowan
  5239 | D:4      | Noticed Duvessa
  5920 | D:4      | Killed Duvessa
  5921 | D:4      | Reached skill level 4 in Hexes
  5921 | D:4      | Reached skill level 3 in Invocations
  6087 | D:4      | HP: 7/32 [Dowan/shard of ice (23)]
  6091 | D:3      | Slain by Dowan
  6092 | D:3      | Reached XP level 6. HP: 0/28 MP: 6/9
  6093 | D:3      | Gained mutation: Your flesh is heat resistant. (rF+)
                  | [potion of mutation]
  6093 | D:3      | Gained mutation: You are somewhat resistant to further
                  | mutation. [potion of mutation]
  6094 | D:3      | Lost mutation: You are somewhat resistant to further
                  | mutation. [potion of mutation]
  6094 | D:3      | Lost mutation: Your flesh is heat resistant. (rF+) [potion
                  | of mutation]
  6094 | D:3      | Gained mutation: You possess an exceptional clarity of
                  | mind. [potion of mutation]
  6094 | D:3      | Gained mutation: You sometimes lose the ability to read
                  | scrolls when taking damage. [potion of mutation]
  6094 | D:3      | Gained mutation: Your flesh is heat resistant. (rF+)
                  | [potion of mutation]
  6126 | D:3      | HP: 7/28 [Dowan (3)]
  6127 | D:3      | Killed Dowan
  6418 | D:4      | Found an ancient bone altar of Kikubaaqudgha.
  6444 | D:4      | You pick up a book of the Dragon and begin reading...
  6444 | D:4      | You add the spells Cause Fear, Dragon Form and Dragon's
                  | Call to your library.
  6525 | D:4      | Reached skill level 5 in Hexes
  6525 | D:4      | Reached XP level 7. HP: 32/32 MP: 10/10
  7164 | D:4      | Found a runed translucent door.
  7165 | D:4      | Noticed Crazy Yiuf
  7175 | D:4      | Killed Crazy Yiuf
  7263 | D:5      | Entered Level 5 of the Dungeon
  7274 | D:5      | Reached skill level 4 in Invocations
  7668 | D:5      | Reached skill level 6 in Hexes
  7830 | D:5      | You pick up a book of Spectacle and begin reading...
  7830 | D:5      | You add the spells Dazzling Flash, Iskenderun's Mystic
                  | Blast and Starburst to your library.
  7927 | D:5      | Found Teraol's Magic Scroll Shoppe.
  8084 | D:5      | Reached skill level 5 in Invocations
  8225 | D:5      | Reached skill level 1 in Stealth
  8256 | D:5      | HP: 8/32 [adder (4)]
  8733 | D:4      | Reached XP level 8. HP: 24/36 MP: 13/13
  8938 | D:5      | Reached skill level 2 in Stealth
  9211 | D:6      | Noticed Pikel
  9212 | D:6      | Noticed Grinder
  9230 | D:5      | Reached skill level 6 in Invocations
  9311 | D:6      | Noticed Sigmund
  9311 | D:6      | Noticed Edmund
  9312 | D:6      | Banished Sigmund
  9313 | D:6      | Reached skill level 3 in Stealth
  9323 | D:5      | Reached skill level 7 in Hexes
  9762 | D:5      | Reached **** piety under Lugonu
  9779 | D:5      | Killed Edmund
  9780 | D:5      | Reached skill level 4 in Stealth
  9870 | D:6      | Reached skill level 7 in Invocations
  9881 | D:6      | You pick up a book of Displacement and begin reading...
  9881 | D:6      | You add the spells Lesser Beckoning, Gell's Gravitas and
                  | Teleport Other to your library.
 10016 | D:5      | HP: 8/34 [iguana (9)]
 10647 | D:6      | Reached XP level 9. HP: 31/39 MP: 9/15
 10653 | D:6      | Reached skill level 8 in Hexes
 10762 | D:6      | Reached skill level 5 in Stealth
 10912 | D:5      | Reached skill level 8 in Invocations
 10997 | D:6      | Killed Grinder
 10998 | D:6      | Reached skill level 1 in Spellcasting
 11476 | D:5      | Killed Pikel
 11477 | D:5      | Reached skill level 7 in Unarmed Combat
 11477 | D:5      | Reached skill level 2 in Spellcasting
 11722 | D:6      | Identified the +10 long sword of the Undead {pain, rPois
                  | Dex+4 Stlth+}
 11965 | D:6      | You add the spells Borgnjor's Revivification, Necromutation
                  | and Death's Door to your library.
 11971 | D:6      | Learned a level 4 spell: Cause Fear
 11977 | D:6      | Learned a level 5 spell: Yara's Violent Unravelling
 12144 | D:6      | Found a glowing golden altar of the Shining One.
 12254 | D:7      | HP: 9/39 [orc priest (7)]
 12260 | D:7      | Killed from afar by an orc priest
 12261 | D:7      | Reached XP level 8. HP: -7/36 MP: 15/15
 12265 | D:7      | Identified a scroll of acquirement
 12266 | D:7      | Acquired 1047 gold pieces
 12305 | D:7      | HP: 2/36 [orc warrior (14)]
 12311 | D:7      | Slain by an orc wizard

Vanquished Creatures
  Pikel (D:5)
  Grinder (D:6)
  A ynoxinul (Abyss:2)
  Edmund (D:5)
  3 sky beasts
  2 necrophages
  A black bear (D:5)
  3 ogres
  A centaur (D:6)
  A phantom (D:5)
  Blork the orc (D:4)
  A kobold brigand (D:5)
  2 scorpions (D:4)
  A gnoll sergeant (D:5)
  Dowan (D:3)
  3 wights (D:6)
  2 howler monkeys (D:5)
  2 centaur zombies
  2 orc priests
  2 hounds (D:5)
  Crazy Yiuf (D:4)
  Jessica (D:3)
  A bullfrog skeleton (D:5)
  2 iguanas
  An orc wizard (D:5)
  A killer bee zombie (D:6)
  A hound skeleton (D:3)
  A gnoll (D:4)
  10 adders
  A white imp (D:5)
  An ufetubus (D:5)
  An adder zombie (D:5)
  9 worms
  2 dart slugs
  10 orcs
  7 ball pythons
  8 endoplasms
  5 giant cockroaches
  6 goblins (D:2)
  7 hobgoblins
  19 jackals
  7 kobolds
  6 quokkas
  6 bats
  6 frilled lizards
  9 rats
161 creatures vanquished.

Vanquished Creatures (collateral kills)
  Duvessa (D:4)
  A wight (D:6)
  An orc priest (D:6)
  3 gnolls
  5 orcs
11 creatures vanquished.

Vanquished Creatures (others)
  5 dancing weapons
  A fungus (D:4)
  2 starspawn tentacles (Abyss:2)
8 creatures vanquished.

Grand Total: 180 creatures vanquished

Table legend:
 A = Non-vault XP
 B = Vault XP
 C = Vault XP percentage of total XP
 D = Non-vault monster count
 E = Vault monster count
 F = Vault count percentage of total count
                 A         B        C        D         E       F
            +---------+---------+-------+---------+---------+-------
      Total |    3272 |    1742 |  34.7 |     161 |      13 |   7.5
            +---------+---------+-------+---------+---------+-------
        D:1 |      54 |       0 |   0.0 |      29 |       0 |   0.0
        D:2 |     196 |       5 |   2.5 |      28 |       1 |   3.4
        D:3 |      76 |     102 |  57.3 |      26 |       3 |  10.3
        D:4 |     563 |     292 |  34.2 |      26 |       4 |  13.3
        D:5 |    1239 |     849 |  40.7 |      31 |       2 |   6.1
        D:6 |     803 |     494 |  38.1 |      19 |       3 |  13.6
        D:7 |     133 |       0 |   0.0 |       1 |       0 |   0.0
    Abyss:2 |     208 |       0 |   0.0 |       1 |       0 |   0.0
            +---------+---------+-------+---------+---------+-------

Illustrated notes

Table legend:
 A = Kills in this place as a percentage of kills in entire the game.
 B = Kills by you in this place as a percentage of kills by you in the entire game.
 C = Kills by friends in this place as a percentage of kills by friends in the entire game.
 D = Other kills in this place as a percentage of other kills in the entire game.
 E = Experience gained in this place as a percentage of experience gained in the entire game.
 F = Experience gained in this place divided by the number of levels of this place that you have seen.
                   A       B       C       D       E      F
               +-------+-------+-------+-------+-------+----------------------
         Total | 100.0 | 100.0 | 100.0 | 100.0 | 100.0 | 557.1
       Dungeon |  99.4 |  99.4 | 100.0 | 100.0 |  95.9 | 686.6
         Abyss |   0.6 |   0.6 |   0.0 |   0.0 |   4.1 | 104.0
               +-------+-------+-------+-------+-------+----------------------

Table legend: (Time is in decaauts)
 A = Elapsed time spent in this place.
 B = Non-inter-level travel time spent in this place.
 C = Inter-level travel time spent in this place.
 D = Time resting spent in this place.
 E = Time spent auto-exploring this place.
 F = Levels seen in this place.
 G = Mean time per level.
                   A        B        C        D        E       F      G
               +--------+--------+--------+--------+--------+-----+--------+
         Total |  11342 |  11155 |    187 |   3943 |   5644 |   9 | 1260.2 |
       Dungeon |  11267 |  11080 |    187 |   3943 |   5623 |   7 | 1609.6 |
         Abyss |     75 |     75 |      0 |      0 |     21 |   2 |   37.5 |
               +--------+--------+--------+--------+--------+-----+--------+

Top non-repeatable levels by time:
     D:4: 3234 daAuts
     D:5: 2307 daAuts
     D:3: 2167 daAuts
     D:2: 1348 daAuts
     D:1: 1178 daAuts
     D:6: 946 daAuts
     D:7: 85 daAuts
 Abyss:2: 45 daAuts
 Abyss:1: 30 daAuts
